 Dungeon Crawl Stone Soup version 0.17-a0-1397-g0eee0a3 (webtiles) character file.

2781 Fluffy the Basher (level 9, -6/54 HPs)
             Began as a Gargoyle Fighter on June 17, 2015.
             Was an Initiate of Okawaru.
             Mangled by a hill giant
             ... wielding a +0 giant spiked club
              (24 damage)
             ... on level 7 of the Dungeon.
             The game lasted 00:21:25 (8271 turns).

Fluffy the Basher (Gargoyle Fighter)                Turns: 8271, Time: 00:21:25

Health: -6/54      AC: 16    Str: 21    XL:     9   Next: 70%
Magic:  8/10       EV: 10    Int: 12    God:    Okawaru [......]
Gold:   124        SH:  0    Dex: 12    Spells: 0 memorised, 8 levels left

rFire  . . .     SeeInvis +     D - +1 great mace (holy)
rCold  . . .     Clarity  .     r - shadow dragon hide
rNeg   + . .     SustAt   .     (no shield)
rPois  ∞         Gourm    .     (no helmet)
rElec  +         Spirit   .     t - +0 cloak
rCorr  +         Warding  .     (no gloves)
rMut   .         Stasis   .     b - +1 pair of boots
MR     .....                    o - amulet of resist corrosion
Stlth  ++++......               (no ring)
                                l - ring of the Republic {Int+4 SInv}

@: heroism, not resistant to hostile enchantments, stealthy
A: negative energy resistance 1, electricity resistance, unbreathing,
petrification resistance, rot immunity, AC +5
a: Renounce Religion


You were on level 7 of the Dungeon.
You worshipped Okawaru.
Okawaru was noncommittal.
You were not hungry.

You visited 1 branch of the dungeon, and saw 7 of its levels.

You collected 207 gold pieces.
You spent 83 gold pieces at shops.

Inventory:

Hand weapons
 x - a +0 morningstar
 D - a +1 great mace of holy wrath (weapon)
Armour
 b - a +1 pair of boots (worn)
 c - a +0 shield
 r - a shadow dragon hide (worn)
 t - a +0 cloak (worn)
Jewellery
 l - the ring of the Republic (left hand) {Int+4 SInv}
   (You found it on level 5 of the Dungeon)

   [ring of see invisible]

   It affects your intelligence (+4).
   It lets you see invisible.
 o - an amulet of resist corrosion (around neck)
 w - an uncursed ring of ice
Magical devices
 j - a wand of slowing (8)
 s - a wand of paralysis (18)
 y - a wand of random effects (14)
Scrolls
 f - 3 scrolls of remove curse
 i - 2 scrolls of enchant weapon
 m - 3 scrolls of recharging
 z - a scroll of fear
Potions
 a - 2 potions of mutation
 d - 2 potions of might
 k - 2 potions of flight
 n - a potion of invisibility
 p - a potion of heal wounds
 q - a potion of curing
 v - 2 potions of agility {unknown}
 A - a potion of poison {unknown}
 B - a potion of ambrosia {unknown}
 C - a potion of brilliance {unknown}
Comestibles
 e - 6 bread rations
 g - a beef jerky
 h - 4 fruits
 u - 4 meat rations
 E - 2 chunks of flesh


   Skills:
 + Level 5.2(10.2) Fighting
 + Level 11.0(16.0) Maces & Flails
 + Level 5.3(10.3) Armour
 + Level 5.3(10.3) Shields
 + Level 2.1 Invocations


You had 8 spell levels left.
You didn't know any spells.

Dungeon Overview and Level Annotations

Branches:
Dungeon (7/15)             Temple (0/1) D:7

Altars:
Ashenzari
Cheibriados
Gozag
Okawaru
Qazlal
Zin

Shops:
D:7 *

Annotations:
D:7 1 runed door


Innate Abilities, Weirdness & Mutations

You are resistant to torment.
Your stone body is resilient (AC +5).
You are immune to poison.
You resist negative energy.
You are resistant to electric shocks.
You can survive without breathing.
You are immune to petrification.
You are immune to rotting.


Message History

The gnoll sergeant completely misses you.
The gnoll hits you with a halberd! The gnoll hits you.
Items here: ( )) † a club; a spear; an arrow; a gnoll corpse You hit the gnoll.
The gnoll is moderately wounded.
The gnoll hits you but does no damage.
You bludgeon the gnoll!!
You kill the gnoll!
Okawaru accepts your kill.
Use which ability? (? or * to list)
You gain the combat prowess of a mighty hero.
You feel slightly more hungry.
You can no longer gain great but temporary skills.
The hill giant hits you with a giant spiked club!
You sock the hill giant!
The hill giant is moderately wounded.
The gnoll sergeant misses you.
The hill giant hits you with a giant spiked club!!
You die...

+.##...#.......##
###........>...# #...#..(....##
#............# ### ###.#Cg.....##
#.# #g..g......# #.#
#g#.#.#.#.####
#.########C########...#
####.......##.@()...##...#
#.....###..##.##..#.##...####
###.###.###...####('####......###
....# #......##≈≈≈(.≈≈≈##........
.##.###.###.##≈≈≈≈..≈≈≈≈##....###
.##.....#####≈≈≈≈≈..≈≈≈≈≈###### #
#####.....##≈≈≈≈≈≈..≈≈≈≈≈≈## #
......#####≈≈≈≈≈≈≈(.≈≈≈≈≈≈≈######
.###### #≈≈≈≈≈≈≈≈(.≈≈≈≈≈≈≈≈#....


You could see a hill giant, a gnoll sergeant and a gnoll.

Vanquished Creatures
  The ghost of Fluffy the Cudgeler, an experienced GrFi (D:5)
  Grinder (D:4)
  An orc warrior (D:6)
  An ice beast (D:5)
  A sky beast (D:6)
  5 ogres
  3 centaurs
  3 giant frogs
  6 electric eels (D:7)
  4 crimson imps
  An orc priest (D:4)
  3 hounds
  2 iguanas
  3 orc wizards
  A killer bee zombie (D:5)
  6 worker ants
  2 worker ant zombies
  11 gnolls
  10 adders
  3 shadow imps (D:7)
  An ooze (D:3)
  2 adder skeletons (D:4)
  4 worms
  18 orcs
  4 giant cockroaches
  13 hobgoblins
  3 quokkas
  A ball python (D:1)
  11 bats
  6 giant geckos
  7 giant newts
  8 goblins
  4 jackals (D:4)
  A jackal skeleton (D:7)
  18 kobolds
  A quokka zombie (D:6)
  15 rats
185 creatures vanquished.

Notes
Turn   | Place    | Note
--------------------------------------------------------------
     0 | D:1      | Fluffy the Gargoyle Fighter began the quest for the Orb.
     0 | D:1      | Reached XP level 1. HP: 14/14 MP: 1/1
   111 | D:1      | Reached XP level 2. HP: 19/19 MP: 2/2
   639 | D:2      | Reached XP level 3. HP: 19/23 MP: 3/3
  1075 | D:2      | Reached skill level 4 in Maces & Flails
  1202 | D:2      | Reached XP level 4. HP: 28/28 MP: 4/4
  1796 | D:3      | Found a shattered altar of Ashenzari.
  1906 | D:3      | Noticed an ogre
  2294 | D:3      | Reached skill level 5 in Maces & Flails
  2294 | D:3      | Reached XP level 5. HP: 29/32 MP: 5/5
  2574 | D:3      | Killed an ogre
  2574 | D:3      | Reached skill level 6 in Maces & Flails
  2643 | D:3      | Reached XP level 6. HP: 34/37 MP: 6/6
  3178 | D:4      | Reached skill level 7 in Maces & Flails
  3285 | D:4      | Reached XP level 7. HP: 34/41 MP: 7/7
  3567 | D:4      | Noticed Grinder
  3603 | D:4      | Paralysed by Grinder for 5 turns
  3611 | D:4      | Paralysed by Grinder for 4 turns
  3628 | D:4      | Paralysed by Grinder for 5 turns
  3637 | D:4      | Killed Grinder
  3637 | D:4      | Reached skill level 8 in Maces & Flails
  3876 | D:4      | Found an opulent altar of Gozag.
  4039 | D:4      | Reached skill level 9 in Maces & Flails
  4039 | D:4      | Reached XP level 8. HP: 46/46 MP: 8/8
  4483 | D:5      | Entered Level 5 of the Dungeon
  4509 | D:5      | Found a snail-covered altar of Cheibriados.
  4548 | D:5      | Noticed Fluffy's ghost (experienced GrFi)
  4611 | D:5      | Killed Fluffy's ghost
  5052 | D:5      | Reached skill level 10 in Maces & Flails
  5315 | D:5      | Got a flickering jade ring
  5316 | D:5      | Identified the ring of the Republic {Int+4 SInv} (You found it on level 5 of the Dungeon)
  5581 | D:6      | Reached XP level 9. HP: 22/52 MP: 9/9
  5773 | D:6      | Found a stormy altar of Qazlal.
  5991 | D:6      | Found a glowing silver altar of Zin.
  6241 | D:6      | Found an iron altar of Okawaru.
  6251 | D:6      | Became a worshipper of Warmaster Okawaru
  6377 | D:6      | Found a stormy altar of Qazlal.
  6703 | D:7      | Noticed a hill giant
  7487 | D:7      | Reached skill level 1 in Invocations
  7608 | D:7      | Reached skill level 5 in Armour
  7620 | D:7      | Reached skill level 5 in Shields
  7661 | D:7      | Found a runed door.
  7663 | D:7      | Reached skill level 11 in Maces & Flails
  7789 | D:7      | Reached skill level 5 in Fighting
  7904 | D:7      | Found Nazaveu's Assorted Antiques.
  7908 | D:7      | Bought a fizzy black potion for 20 gold pieces
  7908 | D:7      | Bought a white potion for 20 gold pieces
  7908 | D:7      | Bought a sedimented silvery potion for 20 gold pieces
  7908 | D:7      | Bought a scroll labeled KAFYTW OTTE for 23 gold pieces
  7925 | D:7      | Found a staircase to the Ecumenical Temple.
  8100 | D:7      | Acquired Okawaru's first power
  8271 | D:7      | Mangled by a hill giant

Vault maps used:
D:1:      erik_arrival_triangle_medium
D:2:      first_bread
D:3:      ashenzari_conservatory_becter, minivault_24
D:4:      nicolae_overflow_hidden_temple, uniq_grinder
D:5:      cheibriados_altar_wand_db
D:6:      lemuel_coloured_pillars_altar, old_standard_altar,
          nicolae_qazlal_eye_of_the_storm, kennysheep_small_circle
D:7:      kennysheep_big_flooded_room, minmay_temple_entry_nine_rooms,
          serial_shops, shop, st_stairs_4, lightli_church_of_beogh

Action                   |  1- 3 |  4- 6 |  7- 9 || total
-------------------------+-------+-------+-------++-------
Melee: Flail             |   111 |   218 |   428 ||   757
       Great mace        |       |       |    32 ||    32
       Morningstar       |       |       |     9 ||     9
Invok: Heroism           |       |       |     1 ||     1
Evoke: Wand              |       |     2 |     2 ||     4
  Use: Scroll            |       |    10 |     8 ||    18
 Stab: Distracted        |       |       |     1 ||     1
       Sleeping          |       |       |     1 ||     1
  Eat: Chunk             |     1 |     7 |    13 ||    21
       Fruit             |       |       |     4 ||     4
